 Dungeon Crawl Stone Soup version 0.17-a0-755-g4391640 (webtiles) character file.

1528 oplop the Zephyrmancer (level 8, -4/45 HPs)
             Began as a Tengu Air Elementalist on Apr 23, 2015.
             Was a Follower of Ashenzari.
             Slain by a sky beast (5 damage)
             ... on level 7 of the Dungeon.
             The game lasted 00:16:00 (7574 turns).

oplop the Zephyrmancer (Tengu Air Elementalist)     Turns: 7574, Time: 00:16:00

Health: -4/45      AC:  3    Str:  8    XL:     8   Next: 85%
Magic:  14/17      EV: 12    Int: 17    God:    Ashenzari [*.....]
Gold:   165        SH:  0    Dex: 14    Spells: 4 memorised, 9 levels left

rFire  . . .     SeeInvis .     v - +1 flail (drain)
rCold  . . .     Clarity  .     a - +1 robe
rNeg   . . .     SustAb   .     (no shield)
rPois  .         Gourm    .     (helmet restricted)
rElec  .         Spirit   .     (no cloak)
rCorr  .         Warding  .     (no gloves)
rMut   .         Stasis   .     (boots unavailable)
MR     .....                    (no amulet)
Stlth  ++........               (no ring)
                                i - -2 ring of strength (curse)

@: repel missiles, not resistant to hostile enchantments, unstealthy
A: beak, talons 3, able to fly 1
a: Fly, Renounce Religion


You were on level 7 of the Dungeon.
You worshipped Ashenzari.
Ashenzari was aware of your devotion.
You were not hungry.

You visited 2 branches of the dungeon, and saw 8 of its levels.

You collected 319 gold pieces.
You spent 154 gold pieces at shops.

Inventory:

Hand weapons
 d - a +3 flail
 v - a +1 flail of draining (weapon)
 y - a +3 long sword of holy wrath
Armour
 a - a +1 robe (worn)
Jewellery
 i - a cursed -2 ring of strength (left hand)
 u - an uncursed ring of ice
Magical devices
 r - a wand of draining (0)
 s - a wand of digging (14)
 x - a wand of digging (8)
Scrolls
 e - a scroll of magic mapping
 f - 3 scrolls of remove curse
 g - a scroll of fear
 h - 2 scrolls of recharging
 j - 2 scrolls of amnesia
 l - a scroll of immolation
 p - 2 scrolls of teleportation
Potions
 m - 3 potions of curing
 n - 2 potions of poison
 o - a potion of ambrosia
 t - a potion of agility
 z - a potion of flight
 A - a potion of resistance {unknown}
 B - a potion of invisibility {unknown}
Books
 b - a book of Air

   Spells                             Type                      Level
   a - Shock                          Conjuration/Air              1
   b - Swiftness                      Charms/Air                   2
   c - Repel Missiles                 Charms/Air                   2
   d - Flight                         Charms/Air                   3
   e - Static Discharge               Conjuration/Air              3
   f - Lightning Bolt                 Conjuration/Air              5
Comestibles
 c - 7 bread rations
 q - 4 chunks of flesh
 w - a slice of pizza
 C - a beef jerky


   Skills:
 + Level 2.8 Fighting
 + Level 3.5 Maces & Flails
 - Level 2.1 Dodging
 - Level 2.0 Stealth
 + Level 5.3 Spellcasting
 + Level 7.3 Conjurations
 + Level 8.4 Air Magic


You had 9 spell levels left.
You knew the following spells:

 Your Spells              Type           Power        Failure   Level  Hunger
a - Shock                 Conj/Air       ####         1%          1    None
b - Static Discharge      Conj/Air       ####....     1%          3    ##.....
r - Repel Missiles        Chrm/Air       ###...       3%          2    #......
s - Swiftness             Chrm/Air       ###.....     3%          2    #......


Dungeon Overview and Level Annotations

Branches:
Dungeon (7/15)             Temple (1/1) D:5

Altars:
Ashenzari
Cheibriados
Dithmenos
Elyvilon
Fedhas
Kikubaaqudgha
Makhleb
Nemelex Xobeh
Okawaru
Qazlal
Ru
Sif Muna
Trog
Vehumet
Xom
Yredelemnul
The Shining One

Shops:
D:7 !

Annotations:
D:3 exclusion: giant frog


Innate Abilities, Weirdness & Mutations

You have a beak for a mouth.
You have claws for feet.
You can fly.


Message History

You kill the gnoll shaman!
The bolt of negative energy hits the gnoll.
The gnoll is drained!
You kill the gnoll!
Evoking this partially-identified wand wasted a few charges.
The gnoll shouts!
Something hits you. Something shocks you.
* * * LOW HITPOINT WARNING * * *
Unknown command.
Unknown command.
You miss something.
The gnoll shouts!
You claw something. Something hits you.
* * * LOW HITPOINT WARNING * * *
Something shocks you.
* * * LOW HITPOINT WARNING * * *
Something hits you.
* * * LOW HITPOINT WARNING * * *
Something shocks you.
You die...

*****############################
,,,,,...gg)g)).{@......).........
*****###################.#.####.#
**** ##).# #.. ,,,* ##.## ###
****####### #..## # *,*,#.....#
#)#.# # *+*+#.....# #)### #
,,+,#.....# #)# # ,,**#.....# #.#
#


You could see 3 gnolls.

Vanquished Creatures
  2 ogres (D:5)
  Blork the orc (D:4)
  A giant frog (D:7)
  2 scorpions (D:7)
  5 killer bees (D:7)
  A crimson imp (D:5)
  3 wights (D:7)
  4 orc priests
  A jelly (D:7)
  A centaur skeleton (D:6)
  A giant frog skeleton (D:7)
  4 orc wizards
  2 worker ants
  A gnoll shaman (D:7)
  2 hounds
  A hound skeleton (D:6)
  8 adders
  6 gnolls
  A shadow imp (D:5)
  3 worms
  An adder skeleton (D:5)
  5 giant geckos
  19 orcs
  16 bats
  A bat skeleton (D:4)
  7 giant cockroaches
  12 hobgoblins
  2 quokkas
  8 ball pythons
  A giant gecko skeleton (D:4)
  2 giant newts (D:2)
  17 goblins
  14 jackals
  11 kobolds
  17 rats
183 creatures vanquished.

Notes
Turn   | Place    | Note
--------------------------------------------------------------
     0 | D:1      | oplop, the Tengu Air Elementalist, began the quest for the Orb.
     0 | D:1      | Reached XP level 1. HP: 10/10 MP: 4/4
   281 | D:1      | Reached XP level 2. HP: 9/15 MP: 0/6
   987 | D:2      | Reached XP level 3. HP: 19/19 MP: 5/7
  1769 | D:3      | Reached XP level 4. HP: 24/24 MP: 1/8
  1956 | D:3      | Noticed a giant frog
  1962 | D:3      | Learned a level 3 spell: Static Discharge
  1965 | D:3      | Learned a level 2 spell: Repel Missiles
  1968 | D:3      | Learned a level 2 spell: Swiftness
  2304 | D:3      | Reached skill level 5 in Air Magic
  2601 | D:4      | Gained mutation: You can fly. [Tengu growth]
  2601 | D:4      | Reached XP level 5. HP: 22/28 MP: 3/10
  2963 | D:4      | Noticed a phantom
  4175 | D:4      | Reached skill level 6 in Air Magic
  4175 | D:4      | Reached XP level 6. HP: 27/32 MP: 3/12
  4247 | D:4      | Found a burning altar of Makhleb.
  4251 | D:4      | Found a white marble altar of Elyvilon.
  4255 | D:4      | Found a glowing golden altar of the Shining One.
  4315 | D:4      | Noticed Blork the orc
  4321 | D:4      | Killed Blork the orc
  4611 | D:4      | Reached skill level 5 in Conjurations
  4834 | D:5      | Entered Level 5 of the Dungeon
  4846 | D:5      | Found a staircase to the Ecumenical Temple.
  4859 | D:5      | Found an iron altar of Okawaru.
  4865 | Temple   | Entered the Ecumenical Temple
  5071 | Temple   | Became a worshipper of Ashenzari the Shackled
  5463 | D:5      | Reached XP level 7. HP: 36/36 MP: 9/14
  5537 | D:5      | Reached skill level 7 in Air Magic
  6069 | D:6      | Reached skill level 1 in Fighting
  6069 | D:6      | Reached skill level 1 in Maces & Flails
  6149 | D:6      | Found a bloodstained altar of Trog.
  6247 | D:6      | Found a deep blue altar of Sif Muna.
  6632 | D:7      | Found Inguytoi's Distillery.
  6678 | D:7      | Reached XP level 8. HP: 43/43 MP: 12/16
  6790 | D:7      | Bought a potion of curing for 42 gold pieces
  6790 | D:7      | Bought a potion of curing for 42 gold pieces
  6790 | D:7      | Bought a potion of heal wounds for 70 gold pieces
  7005 | D:7      | Reached skill level 5 in Spellcasting
  7281 | D:7      | Reached skill level 8 in Air Magic
  7367 | D:7      | Found a stormy altar of Qazlal.
  7397 | D:7      | Learned a level 2 spell: Repel Missiles
  7570 | D:7      | HP: 1/45 [gnoll/spear (8)]
  7574 | D:7      | Slain by a sky beast

Action                   |  1- 3 |  4- 6 |  7- 9 || total
-------------------------+-------+-------+-------++-------
Melee: Unarmed           |     7 |       |       ||     7
       Dagger            |     1 |     1 |       ||     2
       Scimitar          |       |    33 |       ||    33
       Whip              |       |    41 |    14 ||    55
       Lajatang          |       |     4 |       ||     4
       Flail             |       |       |    12 ||    12
 Cast: Shock             |    80 |   130 |   100 ||   310
       Static Discharge  |       |     5 |    16 ||    21
       Repel Missiles    |       |     1 |     1 ||     2
Evoke: Wand              |       |       |     5 ||     5
  Use: Scroll            |       |       |    15 ||    15
       Potion            |       |       |     6 ||     6
 Stab: Sleeping          |     2 |     1 |       ||     3
       Distracted        |       |     1 |       ||     1
  Eat: Chunk             |     1 |     3 |       ||     4
       Meat ration       |     1 |     1 |     1 ||     3
       Bread ration      |       |     1 |       ||     1
